 Dungeon Crawl Stone Soup version 0.27.1 (webtiles) character file.

Game seed: 3524141102755953425

163 Kangaroobicon the Cudgeller (level 5, 0/47 HPs)
             Began as a Draconian Berserker on Sept 1, 2021.
             Was a Believer of Trog.
             Slain by a large abomination (22 damage)
             ... on level 1 of the Abyss on Sept 3, 2021.
             The game lasted 00:33:14 (2597 turns).

Kangaroobicon the Cudgeller (Draconian Berserker)   Turns: 2597, Time: 00:33:14

Health: 0/47       AC:  5    Str: 19    XL:     5   Next: 20%
Magic:  5/5        EV: 12    Int:  8    God:    Trog [**....]
Gold:   166        SH:  0    Dex: 11    Spells: 4/4 levels left

rFire    . . .     SeeInvis .   o - +1 short sword (elec)
rCold    . . .     Faith    .   (no shield)
rNeg     . . .     Spirit   .   (armour unavailable)
rPois    .         Reflect  .   (helmet restricted)
rElec    .         Harm     .   (no cloak)
rCorr    .         Rampage  .   (no gloves)
Will     .....                  (no boots)
Stlth    +.........             (no amulet)
HPRegen  0.15/turn              d - ring of flight
MPRegen  0.09/turn              (no ring)

@: flying
A: AC +5, unfitting armour, cold-blooded
a: Renounce Religion, Berserk, Trog's Hand


You were on level 1 of the Abyss.
You worshipped Trog.
Trog was pleased with you.
You visited 1 branch of the dungeon, and saw 4 of its levels.
You visited the Abyss 1 time.

You collected 166 gold pieces.

Inventory:

Hand Weapons
 a - a +0 mace
 o - a +1 short sword of electrocution (weapon)
 v - a +0 hunting sling
Missiles
 g - 29 arrows
 h - 34 poisoned darts (quivered)
 j - 38 stones
 k - 16 sling bullets
 n - 16 bolts
 p - a throwing net
Jewellery
 d - a ring of flight (left hand)
Wands
 u - a wand of charming (18)
 w - a wand of digging (5)
Scrolls
 b - 2 scrolls of fog {unknown}
 c - 2 scrolls of teleportation {unknown}
 m - a scroll of blinking {unknown}
 q - a scroll of silence {unknown}
 s - 2 scrolls of vulnerability {unknown}
 t - a scroll of brand weapon {unknown}
 x - a scroll of enchant weapon {unknown}
Potions
 e - 2 potions of flight {unknown}
 f - 2 potions of magic {unknown}
 i - a potion of invisibility {unknown}
 l - a potion of haste {unknown}
 r - 2 potions of attraction {unknown}
 z - a potion of lignification {unknown}


   Skills:
 + Level 4.3 Fighting
 + Level 0.3 Short Blades
 + Level 4.5 Maces & Flails
 + Level 1.0 Throwing
 + Level 3.3 Dodging


You had 4 spell levels left.
You didn't know any spells.
Your spell library was empty.

Dungeon Overview and Level Annotations

Branches:
Dungeon (4/15)
 Temple: D:4-7

Altars:
Dithmenos
Okawaru

Annotations:
D:4 Eustachio


Innate Abilities, Weirdness & Mutations

Your plain brown scales are hard. (AC +5)
You cannot fit into any form of body armour.
You are cold-blooded and may be slowed by cold attacks.


Message History

You hit the iron imp.
The iron imp is severely wounded.
The iron imp misses you.
You barely miss the iron imp.
The iron imp is severely wounded.
The iron imp hits you but does no damage.
You hit the iron imp.
The iron imp is almost dead.
The iron imp misses you.
You hit the iron imp but do no damage.
The iron imp is almost dead.
The iron imp hits you.
You barely miss the iron imp.
You tail-slap the iron imp, but do no damage.
The iron imp is almost dead.
The iron imp hits you but does no damage.
You hit the iron imp but do no damage. You tail-slap the iron imp.
You kill the iron imp!
Trog accepts your kill.
Your Throwing skill increases to level 1!
You have reached level 5!
The substance of the Abyss twists violently, and a gateway leading out appears!
There is a gateway leading out of the Abyss here.
h - 35 poisoned darts (gained 1)
u - a wand of charming (18) (gained 11 charges)
Found a corrupted altar of Lugonu.
Throw: 35 darts (poison)
Press: ? - help, Q - select action, (/) - cycle Shift-Dir - straight line, f - large abomination
Aim: a large abomination (69% to hit)
You throw a poisoned dart.
The poisoned dart barely misses the large abomination.
You hit the large abomination but do no damage.
Your tail-slap misses the large abomination.
The large abomination hits you!!
You hit the large abomination but do no damage.
Lightning courses through the large abomination!
The large abomination is moderately damaged.
The large abomination closely misses you.
The large abomination hits you!!
You die...

#...#.###.§#.#.
#..##.#...#
#.## ....
..#.##..### #..
.#....#
#.###..#.## #
.#..#.## ##
#.(.### #
..#X..#
####@.#.._.#
#..#.....#
#..##.####≈
#### #


You could see a large abomination.

Vanquished Creatures
  An iron imp (Abyss:1)
  Natasha (D:4)
  5 adders
  2 worms (D:3)
  4 dart slugs
  An orc (D:3)
  7 ball pythons
  4 endoplasms
  3 giant cockroaches
  3 goblins
  3 hobgoblins
  2 jackals (D:3)
  3 quokkas
  6 bats
  5 kobolds
  5 rats
55 creatures vanquished.

Notes
Turn   | Place    | Note
-------+----------+-------------------------------------------
     0 | D:1      | Kangaroobicon the Draconian Berserker began the quest for
                  | the Orb.
     0 | D:1      | Reached XP level 1. HP: 19/19 MP: 1/1
   234 | D:1      | Found a faded altar of an unknown god.
   364 | D:1      | Reached XP level 2. HP: 12/26 MP: 2/2
  1081 | D:2      | Reached XP level 3. HP: 11/33 MP: 3/3
  1335 | D:2      | Reached ** piety under Trog
  1502 | D:3      | Found a shadowy altar of Dithmenos.
  1510 | D:3      | Reached XP level 4. HP: 39/40 MP: 4/4
  1785 | D:3      | Found an iron altar of Okawaru.
  2486 | D:4      | Noticed Natasha
  2486 | D:4      | Noticed Eustachio
  2491 | D:4      | Killed Natasha
  2493 | D:4      | Cast into level 1 of the Abyss (Eustachio)
  2502 | Abyss:1  | Found a corrupted altar of Lugonu.
  2556 | Abyss:1  | Reached skill level 1 in Throwing
  2556 | Abyss:1  | Reached XP level 5. HP: 37/47 MP: 5/5
  2585 | Abyss:1  | Noticed a large abomination
  2589 | Abyss:1  | Found a corrupted altar of Lugonu.
  2597 | Abyss:1  | Slain by a large abomination

Illustrated notes

Levels and vault maps discovered:
D:1:      dpeg_arrival_shrine, layout_basic,
          ebering_ecumenical_altar_sacrificial, nrook_mini_vaults,
          minmay_misc_feat_five
D:2:      layout_loops_ring, kennysheep_generic_room_11
D:3:      layout_basic, mainiacjoe_overflow_surrounded_room,
          nicolae_dithmenos_through_a_glass_darkly, minmay_ruptured
D:4:      layout_loops_corners, nicolae_wu_jian_immortal_techniques,
          chequers_temple_overflow_statue_of_worship,
          minmay_temple_entry_stoned_glass, kennysheep_generic_room_2,
          uniq_blork_the_orc, uniq_eustachio, uniq_menkaure, uniq_natasha
Abyss:1:  base:
D:3

Skill      XL: |  1  2  3  4 |
---------------+-------------+-----
Dodging        | 3 |  3.3
Fighting       | 4 |  4.3
Maces & Flails | 4 |  4.5
Throwing       | 1 |  1.0
Short Blades   | |  0.3

Action                   |  1- 3 |  4- 6 || total
-------------------------+-------+-------++-------
Melee: Mace              |    90 |       ||    90
       Tailslap          |    10 |     8 ||    18
       Short sword       |    11 |    60 ||    71
Throw: Dart              |    24 |    11 ||    35
Armor: Skin              |    39 |    26 ||    65
Dodge: Dodged            |    73 |    22 ||    95
